 Dungeon Crawl Stone Soup version 0.21.1-1-g345015f (webtiles) character file.

7169 snha the Severer (level 10, 0/81 HPs)
             Began as a Deep Dwarf Berserker on July 23, 2018.
             Was an Elder of Trog.
             Slain by a seven-headed hydra (2 damage)
             ... on level 1 of the Lair of Beasts.
             The game lasted 00:21:48 (5327 turns).

snha the Severer (Deep Dwarf Berserker)             Turns: 5327, Time: 00:21:48

Health: 0/81       AC: 13    Str: 25    XL:     10   Next: 86%
Magic:  9/9        EV: 11    Int:  7    God:    Trog [****..]
Gold:   234        SH:  0    Dex: 12    Spells: 9/9 levels left

rFire    . . .     SeeInvis .   C - +0 morningstar
rCold    . . .     Gourm    .   (no shield)
rNeg     . . .     Faith    .   F - +0 plate armour
rPois    .         Spirit   .   (no helmet)
rElec    .         Reflect  .   (no cloak)
rCorr    .         Harm     .   m - +0 pair of gloves
MR       +....                  n - +0 pair of boots
Stlth    ..........             (no amulet)
HPRegen  0.00/turn              w - +4 ring of evasion
MPRegen  0.11/turn              (no ring)

@: berserk cooldown, very slightly contaminated, non-regenerating, slowed, very
slow
A: damage resistance, heal wounds, sense surroundings 2, no regeneration
a: Heal Wounds, Berserk, Trog's Hand, Brothers in Arms, Burn Spellbooks,
Renounce Religion


You were on level 1 of the Lair of Beasts.
You worshipped Trog.
Trog was greatly pleased with you.
You were very hungry.

You visited 3 branches of the dungeon, and saw 10 of its levels.

You collected 609 gold pieces.
You spent 375 gold pieces at shops.

Inventory:

Hand Weapons
 s - a +0 hunting sling
 v - a +1 broad axe
 C - a +0 morningstar (weapon)
 E - a +2 war axe of electrocution
Missiles
 a - 6 needles of confusion
 d - 24 poisoned needles
 e - 349 stones (quivered)
Armour
 m - a +0 pair of gloves (worn)
 n - a +0 pair of boots (worn)
 F - a +0 plate armour (worn)
Jewellery
 w - a +4 ring of evasion (left hand)
Wands
 b - a wand of disintegration (12)
 h - a wand of paralysis (13)
 i - a wand of enslavement (7)
 p - a wand of flame (55)
 D - a wand of digging (10)
Scrolls
 g - 3 scrolls of teleportation
 l - 4 scrolls of remove curse
 r - a scroll of immolation
 t - 2 scrolls of enchant armour
 y - 2 scrolls of fog {unknown}
 z - a scroll of enchant weapon
Potions
 f - a potion of lignification
 j - 2 potions of flight
 o - 4 potions of curing
 q - a potion of heal wounds
 u - 3 potions of haste
 x - 2 potions of agility
 A - 2 potions of invisibility
 B - a potion of ambrosia
Comestibles
 c - 9 rations


   Skills:
 - Level 2.6 Fighting
 + Level 17.2 Axes
 - Level 2.1 Armour
 - Level 2.1 Dodging


You had 9 spell levels left.
You didn't know any spells.

Dungeon Overview and Level Annotations

Branches:
Dungeon (8/15)             Temple (1/1) D:4            Lair (1/6) D:8

Altars:
Ashenzari
Cheibriados
Elyvilon
Kikubaaqudgha
Ru
Uskayaw
Vehumet
Wu Jian
Xom
Yredelemnul

Shops:
D:6 }!


Innate Abilities, Weirdness & Mutations

You are resistant to damage.
You can heal yourself by infusing magical energy.
You passively map the area around you.
You do not regenerate.


Message History

The seven-headed hydra bites you.
* * * LOW HITPOINT WARNING * * *
The seven-headed hydra bites you!
* * * LOW HITPOINT WARNING * * *
The seven-headed hydra misses you.
The seven-headed hydra bites you but does no damage.
You feel a strong urge to attack something.
You are no longer berserk.
You pass out from exhaustion.
You feel yourself slow down.
You can move again.
Blink to where?
Press: ? - help, Dir - move target cursor You are very lightly contaminated with residual magic.
As you read the scroll of blinking, it crumbles to dust.
Okay, then.
You fail to use your ability.
The seven-headed hydra completely misses you.
The seven-headed hydra bites you.
You die...

........#....#.# ,
*,........#....+.# * *
........##..##.# ***
,...............#####..
, *
......................
#######...............
* ##.............. , *
, #....D......... ,, ,,
#...@.##.##.#.#, * **
#....##*## #*# * *,
*#....# * #.....# *
##....# , , , ......, ,
, , , * * ##...... , ,
* *P...... , , , ,, *,
, ......... ,,, ,,,


You could see a seven-headed hydra.

Vanquished Creatures
  The ghost of FallenXxXSky the Bludgeoner, a journeyman MiBe of Trog (Lair:1)
  The ghost of DCrawler215 the Destroyer, a novice DrCj of Vehumet (D:7)
  Pikel (D:7)
  A cyclops (D:6)
  A black mamba (Lair:1)
  A komodo dragon (Lair:1)
  Grinder (D:5)
  6 yaks (D:8)
  A water moccasin (D:6)
  3 porcupines (D:8)
  Duvessa (D:4)
  2 orc warriors
  2 slaves (D:7)
  An ice beast (D:6)
  A sky beast (D:6)
  A black bear (D:7)
  4 ogres
  2 phantoms
  2 centaurs (D:6)
  2 crocodiles (D:8)
  A gnoll sergeant (D:6)
  5 bullfrogs
  Dowan (D:4)
  3 scorpions
  5 killer bees (D:7)
  3 electric eels (D:6)
  A howler monkey (D:6)
  A centaur zombie (D:8)
  2 hounds
  3 orc priests
  A bullfrog skeleton (D:8)
  6 orc wizards
  3 iguanas
  3 worker ants
  2 hound skeletons
  A howler monkey zombie (D:5)
  2 worker ant zombies
  7 adders
  6 shadow imps
  An adder zombie (D:5)
  An adder skeleton (D:7)
  2 worms (D:2)
  2 dart slugs
  5 leopard geckos
  24 orcs
  4 giant cockroaches
  10 goblins
  5 hobgoblins
  10 jackals
  19 kobolds
  2 quokkas
  6 bats
  3 frilled lizards (D:1)
  6 rats
  A fungus (Lair:1)
192 creatures vanquished.

Vanquished Creatures (others)
  A fungus (D:8)
  A plant (D:8)
2 creatures vanquished.

Grand Total: 194 creatures vanquished

Notes
Turn   | Place    | Note
-------+----------+-------------------------------------------
     0 | D:1      | snha the Deep Dwarf Berserker began the quest for the Orb.
     0 | D:1      | Reached XP level 1. HP: 20/20 MP: 1/1
    82 | D:1      | Reached XP level 2. HP: 18/27 MP: 2/2
    83 | D:1      | Reached skill level 4 in Axes
   242 | D:1      | Reached ** piety under Trog
   515 | D:2      | Reached XP level 3. HP: 21/33 MP: 3/3
   547 | D:2      | Reached skill level 5 in Axes
   595 | D:2      | Found a shattered altar of Ashenzari.
   915 | D:2      | Found a shimmering altar of Xom.
  1211 | D:3      | Reached XP level 4. HP: 40/40 MP: 3/3
  1354 | D:3      | Reached skill level 6 in Axes
  1438 | D:3      | Reached XP level 5. HP: 40/46 MP: 4/4
  1616 | D:3      | Found a faded altar of an unknown god.
  1880 | D:4      | Noticed Dowan
  1882 | D:4      | Noticed Duvessa
  1906 | D:4      | Killed Duvessa
  1906 | D:4      | Reached skill level 7 in Axes
  1906 | D:4      | Reached XP level 6. HP: 55/55 MP: 5/5
  1957 | D:4      | Killed Dowan
  1957 | D:4      | Reached *** piety under Trog
  2279 | D:4      | Found a staircase to the Ecumenical Temple.
  2287 | Temple   | Entered the Ecumenical Temple
  2336 | D:5      | Entered Level 5 of the Dungeon
  2337 | D:5      | Reached skill level 8 in Axes
  2509 | D:5      | Noticed Grinder
  2528 | D:5      | Killed Grinder
  2528 | D:5      | Reached skill level 9 in Axes
  2528 | D:5      | Reached XP level 7. HP: 21/61 MP: 6/6
  2551 | D:5      | Found a radiant altar of Vehumet.
  2924 | D:6      | Reached skill level 10 in Axes
  2985 | D:6      | Found an ornate altar of the Wu Jian Council.
  3001 | D:6      | Found a transporter.
  3018 | D:6      | Reached XP level 8. HP: 64/68 MP: 7/7
  3082 | D:6      | Found a transporter.
  3098 | D:6      | Reached skill level 11 in Axes
  3151 | D:6      | Found a sacrificial altar of Ru.
  3291 | D:6      | Found Xepyski's Distillery.
  3295 | D:6      | Bought a potion of haste for 150 gold pieces
  3295 | D:6      | Bought a potion of ambrosia for 120 gold pieces
  3295 | D:6      | Bought a potion of agility for 60 gold pieces
  3295 | D:6      | Bought a potion of curing for 45 gold pieces
  3408 | D:6      | Reached **** piety under Trog
  3454 | D:6      | Reached skill level 12 in Axes
  3460 | D:6      | Noticed a cyclops
  3628 | D:6      | Found Neablorr's Gadget Shop.
  3669 | D:6      | Killed a cyclops
  3669 | D:6      | Reached skill level 13 in Axes
  3669 | D:6      | Gained mutation: You passively map the area around you. [Deep Dwarf growth]
  3669 | D:6      | Reached XP level 9. HP: 74/74 MP: 8/8
  3935 | D:7      | Noticed Pikel
  3945 | D:7      | Killed Pikel
  3945 | D:7      | Reached skill level 14 in Axes
  4066 | D:7      | Noticed DCrawler215's ghost (novice DrCj)
  4081 | D:7      | Killed DCrawler215's ghost
  4161 | D:7      | Found a snail-covered altar of Cheibriados.
  4335 | D:7      | Reached skill level 15 in Axes
  4373 | D:7      | Found a hide-covered altar of Uskayaw.
  4375 | D:7      | Noticed a dagger
  4375 | D:7      | Noticed a dagger
  4390 | D:7      | Found a basalt altar of Yredelemnul.
  4451 | D:7      | Found a shattered altar of Ashenzari.
  4486 | D:7      | Reached XP level 10. HP: 50/81 MP: 9/9
  4518 | D:7      | Found an ancient bone altar of Kikubaaqudgha.
  4561 | D:7      | Found a white marble altar of Elyvilon.
  4811 | D:8      | Received a gift from Trog
  4854 | D:8      | Reached skill level 16 in Axes
  4921 | D:8      | Found a staircase to the Lair.
  4930 | Lair:1   | Entered Level 1 of the Lair of Beasts
  4930 | Lair:1   | Noticed a black mamba
  4937 | Lair:1   | Killed a black mamba
  4939 | Lair:1   | Noticed FallenXxXSky's ghost (journeyman MiBe)
  5009 | Lair:1   | Killed FallenXxXSky's ghost
  5009 | Lair:1   | Reached skill level 17 in Axes
  5098 | Lair:1   | Noticed a seven-headed hydra
  5321 | Lair:1   | HP: 2/121 [seven-headed hydra (11)]
  5327 | Lair:1   | Slain by a seven-headed hydra

Skill      XL: |  1  2  3  4  5  6  7  8  9 10 |
---------------+-------------------------------+-----
Axes           | 4 5 6 7 9 10 13 15 17 | 17.2
Fighting       | |  2.6
Armour         | |  2.1
Dodging        | |  2.1

Action                   |  1- 3 |  4- 6 |  7- 9 | 10-12 || total
-------------------------+-------+-------+-------+-------++-------
Melee: Hand axe          |   129 |    93 |       |       ||   222
       Broad axe         |       |    49 |   238 |     1 ||   288
       War axe           |       |       |       |    98 ||    98
       Morningstar       |       |       |       |     4 ||     4
Invok: Berserk           |     1 |     2 |     8 |     5 ||    16
       Burn Spellbooks   |       |     1 |       |       ||     1
       Trog's Hand       |       |     1 |     3 |     2 ||     6
 Abil: Heal Wounds       |     1 |       |     5 |     3 ||     9
Evoke: Wand              |       |       |     5 |       ||     5
  Use: Scroll            |       |    12 |     4 |     1 ||    17
  Eat: Chunk             |     2 |     5 |    10 |     7 ||    24
       Ration            |       |     1 |     1 |       ||     2
Armor: Animal skin       |     3 |       |       |       ||     3
       Scale mail        |    59 |    56 |       |       ||   115
       Chain mail        |       |    12 |    66 |     4 ||    82
       Plate armour      |       |       |       |    28 ||    28
Dodge: Dodged            |    69 |    80 |   143 |    44 ||   336
